cohdb
Replays
Latest Replays
All Replays
Popular Replays
Top Player Replays
Match Explorer
How It Works
Community
CoH3 Stats
Reddit
Sign in to upload your games and track your stats! →
Sign in with Steam
Match 24462013
Unlisted
Match 24462013
Overview
Messages
Build Orders
End
Construct Barracks
Riflemen Squad
M1 Mortar Team
1⁄4-ton 4x4 Truck
Riflemen Squad
Air Support Center
Grasshopper Recon Run
P-47 Strafing Run
Grenade Package
P-47 Strafing Run
Construct Motor Pool
Selects Airborne Battlegroup
Selects Heavy Machine Gun Paradrop
Selects Paratrooper Squad Paradrop
Paratrooper Squad Paradrop
Grasshopper Recon Run
Selects Recon Loiter
Selects Supply Drop
P-47 Strafing Run
M8 Greyhound Armored Car
M24 Chaffee Light Tank
Grasshopper Recon Run
Air Supply
Engineer Squad
Heavy Machine Gun Paradrop
Grasshopper Recon Run
P-47 Strafing Run
Paratrooper Squad Paradrop
Grasshopper Recon Run
M1918 Browning Automatic Rifles
Grasshopper Recon Run
Supply Drop
Construct Tank Depot
Selects Carpet Bombing Run
Grasshopper Recon Run
Carpet Bombing Run
M4(105) Sherman Bulldozer
Selects Anti-tank Gun Team Paradrop
Riflemen Squad
P-47 Strafing Run
M18 Hellcat Tank Destroyer
Grasshopper Recon Run
Supply Drop
Grasshopper Recon Run
Carpet Bombing Run
P-47 Strafing Run
Heavy Machine Gun Paradrop
Grasshopper Recon Run
P-47 Dive Bomb
Jonatanga
MR.DOGO-YT
Eber
insane
iceman
UH|ck
0
0
Comments
sign in to comment!
No comments posted yet!